| TOP OF THE 1ST |
|
Colorado Springs Sky Sox batting - Pitching for Memphis Redbirds : RHP David Murphy
|
|
Pitching: RHP David Murphy
|
|
|
Batting: LHB Steve Gilliam
|
0-0: Called Strike 0-1: Ball 1-1: Ball 2-1: Called Strike 2-2: Foul Ball, location: 2F 2-2: Ball 3-2: Ground out 4-3 (Groundball, 4, EV 108.1 MPH)
|
|
Batting: RHB Juan Figueroa
|
0-0: Ground out 4-3 (Groundball, 4, EV 86.2 MPH)
|
|
Batting: LHB Michael Krott
|
0-0: Foul Ball, location: 2F 0-1: Ground out 4-3 (Groundball, 4, EV 88.8 MPH)
|
| Top of the 1st over - 0 runs, 0 hits, 0 errors, 0 left on base; Colorado Springs 0 - Memphis 0 |
| BOTTOM OF THE 1ST |
|
Memphis Redbirds batting - Pitching for Colorado Springs Sky Sox : LHP Marc Eismann
|
|
Pitching: LHP Marc Eismann
|
|
|
Batting: RHB Josh Martin
|
0-0: Swinging Strike 0-1: Ball 1-1: Ball 2-1: Swinging Strike 2-2: Strikes out swinging
|
|
Batting: LHB Adam Eisen
|
0-0: Ball 1-0: Called Strike 1-1: Foul Ball, location: 2F 1-2: Ball 2-2: Strikes out swinging
|
|
Batting: RHB Jeff Brower
|
0-0: SINGLE (Groundball, 56S, EV 72.5 MPH) (infield hit)
|
|
Batting: RHB Danny Gallo
|
0-0: Foul Ball, location: 2F 0-1: Fly out, F7 (Flyball, 7, EV 75.0 MPH)
|
| Bottom of the 1st over - 0 runs, 1 hit, 0 errors, 1 left on base; Colorado Springs 0 - Memphis 0 |
| TOP OF THE 2ND |
|
Colorado Springs Sky Sox batting - Pitching for Memphis Redbirds : RHP David Murphy
|
|
Batting: RHB Mike McElroy
|
0-0: Called Strike 0-1: Ball 1-1: Ball 2-1: Ground out 6-3 (Groundball, 6, EV 103.1 MPH)
|
|
Batting: SHB Bobby Santor
|
0-0: Called Strike 0-1: Ball 1-1: Called Strike 1-2: Ball 2-2: Fly out, F7 (Flyball, 7S, EV 76.2 MPH)
|
|
Batting: RHB John Boyer
|
0-0: Foul Ball, location: 2F 0-1: Ball 1-1: Ground out 5-3 (Groundball, 56S, EV 88.8 MPH)
|
| Top of the 2nd over - 0 runs, 0 hits, 0 errors, 0 left on base; Colorado Springs 0 - Memphis 0 |
| BOTTOM OF THE 2ND |
|
Memphis Redbirds batting - Pitching for Colorado Springs Sky Sox : LHP Marc Eismann
|
|
Batting: LHB Colin Worthington
|
0-0: Called Strike 0-1: Fly out, F8 (Flyball, 8LD, EV 105.6 MPH)
|
|
Batting: SHB Dan Lash
|
0-0: Ball 1-0: Ball 2-0: Foul Ball, location: 2F 2-1: Ball 3-1: Base on Balls
|
|
Batting: RHB Jose Rivera
|
0-0: Called Strike 0-1: Swinging Strike 0-2: Foul Ball, location: 2F 0-2: Ball 1-2: Ball 2-2: Foul Ball, location: 2F 2-2: Strikes out swinging
|
|
Batting: RHB Roberto Duron
|
0-0: Ball 1-0: Ball 2-0: Called Strike 2-1: Foul Ball, location: 2F 2-2: Ball 3-2: Ground out 5-3 (Groundball, 56, EV 110.0 MPH)
|
| Bottom of the 2nd over - 0 runs, 0 hits, 0 errors, 1 left on base; Colorado Springs 0 - Memphis 0 |
| TOP OF THE 3RD |
|
Colorado Springs Sky Sox batting - Pitching for Memphis Redbirds : RHP David Murphy
|
|
Batting: RHB Eduardo Camacho
|
0-0: Ground out 4-3 (Groundball, 4, EV 90.6 MPH)
|
|
Batting: SHB Jamie Mims
|
0-0: Swinging Strike 0-1: Foul Ball, location: 2F 0-2: Strikes out swinging
|
|
Batting: RHB John Stevenson
|
0-0: Ball 1-0: Ball 2-0: Ball 3-0: Base on Balls
|
|
Batting: LHB Steve Gilliam
|
0-0: Called Strike John Stevenson steals 2nd base 0-1: Ball 1-1: Called Strike 1-2: SINGLE (Groundball, 34S, EV 62.5 MPH) (infield hit) John Stevenson to third
|
|
Batting: RHB Juan Figueroa
|
0-0: Ball 1-0: SINGLE (Groundball, 6MD, EV 98.1 MPH) John Stevenson scores Steve Gilliam to second Runner from 2nd tries for 3rd, SAFE, throw by CF made to third
|
|
Batting: LHB Michael Krott
|
0-0: Called Strike 0-1: Ball Wild Pitch! Steve Gilliam scores Juan Figueroa to second 1-1: Ball 2-1: Ball 3-1: Foul Ball, location: 2F 3-2: Base on Balls
|
|
Batting: RHB Mike McElroy
|
0-0: Swinging Strike 0-1: Swinging Strike 0-2: Ball 1-2: Foul Ball, location: 2F 1-2: Fly out, F9 (Flyball, 89M, EV 82.5 MPH)
|
| Top of the 3rd over - 2 runs, 2 hits, 0 errors, 2 left on base; Colorado Springs 2 - Memphis 0 |
| BOTTOM OF THE 3RD |
|
Memphis Redbirds batting - Pitching for Colorado Springs Sky Sox : LHP Marc Eismann
|
|
Batting: LHB Ronnie Ashley
|
0-0: Ball 1-0: Foul Ball, location: 2F 1-1: Ball 2-1: Foul Ball, location: 2F 2-2: Fly out, F4 (Popup, 4, EV 65.0 MPH)
|
|
Batting: RHB Josh Martin
|
0-0: Swinging Strike 0-1: Foul Ball, location: 2F 0-2: Ball 1-2: Ball 2-2: Foul Ball, location: 2F 2-2: Ball 3-2: Base on Balls
|
|
Batting: LHB Adam Eisen
|
0-0: Ball 1-0: Ball Josh Martin steals 2nd base 2-0: Called Strike 2-1: Swinging Strike 2-2: Foul Ball, location: 2F 2-2: Ball 3-2: Base on Balls
|
|
Batting: RHB Jeff Brower
|
0-0: Ball 1-0: Grounds into double play, 6-4-3 (Groundball, 6, EV 86.2 MPH)
|
| Bottom of the 3rd over - 0 runs, 0 hits, 0 errors, 1 left on base; Colorado Springs 2 - Memphis 0 |
| TOP OF THE 4TH |
|
Colorado Springs Sky Sox batting - Pitching for Memphis Redbirds : RHP David Murphy
|
|
Batting: SHB Bobby Santor
|
0-0: Ball 1-0: Called Strike 1-1: Swinging Strike 1-2: Ground out 4-3 (Groundball, 4, EV 85.6 MPH)
|
|
Batting: RHB John Boyer
|
0-0: Called Strike 0-1: Foul Ball, location: 2F 0-2: Ball 1-2: Ball 2-2: Ground out 5-3 (Groundball, 56, EV 85.6 MPH)
|
|
Batting: RHB Eduardo Camacho
|
0-0: Ball 1-0: Ball 2-0: Fly out, F4 (Line Drive, 4, EV 71.2 MPH)
|
| Top of the 4th over - 0 runs, 0 hits, 0 errors, 0 left on base; Colorado Springs 2 - Memphis 0 |
| BOTTOM OF THE 4TH |
|
Memphis Redbirds batting - Pitching for Colorado Springs Sky Sox : LHP Marc Eismann
|
|
Batting: RHB Danny Gallo
|
0-0: Foul Ball, location: 2F 0-1: Ball 1-1: Foul Ball, location: 2F 1-2: Foul Ball, location: 2F 1-2: SINGLE (Groundball, 56D, EV 100.0 MPH)
|
|
Batting: LHB Colin Worthington
|
0-0: Swinging Strike 0-1: SINGLE (Groundball, 4MD, EV 98.8 MPH) Danny Gallo to second Runner from 2nd tries for 3rd, SAFE, throw by CF made to third
|
|
Batting: SHB Dan Lash
|
0-0: Ball 1-0: Foul Ball, location: 2F 1-1: Fly out, F7 (Flyball, 78D, EV 91.9 MPH) Runner from 3rd tags up, SCORES, no throw by LF
|
|
Batting: RHB Jose Rivera
|
0-0: Swinging Strike 0-1: Called Strike 0-2: Strikes out swinging
|
|
Batting: RHB Roberto Duron
|
0-0: Ball 1-0: Fielders Choice at 2nd, 6-4 (Groundball, 6, EV 95.6 MPH)
|
| Bottom of the 4th over - 1 run, 2 hits, 0 errors, 1 left on base; Colorado Springs 2 - Memphis 1 |
| TOP OF THE 5TH |
|
Colorado Springs Sky Sox batting - Pitching for Memphis Redbirds : RHP David Murphy
|
|
Batting: SHB Jamie Mims
|
0-0: Ball 1-0: Called Strike 1-1: SINGLE (Groundball, 6MD, EV 96.2 MPH)
|
|
Batting: RHB John Stevenson
|
0-0: Ball 1-0: Ball 2-0: Swinging Strike 2-1: Called Strike 2-2: Foul Ball, location: 2F 2-2: Ball 3-2: Strikes out looking
|
|
Batting: LHB Steve Gilliam
|
0-0: Swinging Strike 0-1: Called Strike 0-2: Ground out 5-3 (Groundball, 56, EV 100.0 MPH) Jamie Mims to second
|
|
Batting: RHB Juan Figueroa
|
0-0: Called Strike 0-1: Ball 1-1: Called Strike 1-2: Ball 2-2: Strikes out looking
|
| Top of the 5th over - 0 runs, 1 hit, 0 errors, 1 left on base; Colorado Springs 2 - Memphis 1 |
| BOTTOM OF THE 5TH |
|
Memphis Redbirds batting - Pitching for Colorado Springs Sky Sox : LHP Marc Eismann
|
|
Batting: LHB Ronnie Ashley
|
0-0: Swinging Strike 0-1: Ball 1-1: Ball 2-1: Ground out 6-3 (Groundball, 6, EV 103.8 MPH)
|
|
Batting: RHB Josh Martin
|
0-0: SINGLE (Groundball, 6MD, EV 100.6 MPH)
|
|
Batting: LHB Adam Eisen
|
0-0: Called Strike 0-1: Called Strike 0-2: Fielders Choice at 2nd, 4-6 (Groundball, 4, EV 86.9 MPH)
|
|
Batting: RHB Jeff Brower
|
0-0: Ball 1-0: Fly out, F9 (Flyball, 89D, EV 91.2 MPH)
|
| Bottom of the 5th over - 0 runs, 1 hit, 0 errors, 1 left on base; Colorado Springs 2 - Memphis 1 |
| TOP OF THE 6TH |
|
Colorado Springs Sky Sox batting - Pitching for Memphis Redbirds : RHP David Murphy
|
|
Batting: LHB Michael Krott
|
0-0: Ball 1-0: Ball 2-0: Called Strike 2-1: Ball 3-1: SINGLE (Flyball, 34D, EV 86.9 MPH)
|
|
Batting: RHB Mike McElroy
|
0-0: Called Strike 0-1: Fielders Choice at 2nd, 1-4 (Groundball, 15S, EV 75.6 MPH)
|
|
Batting: SHB Bobby Santor
|
0-0: Ball 1-0: Ball 2-0: Foul Ball, location: 2F 2-1: Ball Wild Pitch! Mike McElroy to second 3-1: Intentional Walk
|
|
Batting: RHB John Boyer
|
0-0: Ball 1-0: Foul Ball, location: 2F 1-1: Ball 2-1: Fly out, F5 (Line Drive, 5, EV 64.4 MPH)
|
|
Batting: RHB Eduardo Camacho
|
0-0: Ball 1-0: Fly out, F9 (Line Drive, 9, EV 97.5 MPH)
|
| Top of the 6th over - 0 runs, 1 hit, 0 errors, 2 left on base; Colorado Springs 2 - Memphis 1 |
| BOTTOM OF THE 6TH |
|
Memphis Redbirds batting - Pitching for Colorado Springs Sky Sox : LHP Marc Eismann
|
|
Batting: RHB Danny Gallo
|
0-0: Called Strike 0-1: Fly out, F6 (Line Drive, 6, EV 66.9 MPH)
|
|
Batting: LHB Colin Worthington
|
0-0: Swinging Strike 0-1: Swinging Strike 0-2: Ball 1-2: Ground out 6-3 (Groundball, 6, EV 91.9 MPH)
|
|
Batting: SHB Dan Lash
|
0-0: SINGLE (Groundball, 34D, EV 100.0 MPH)
|
|
Batting: RHB Jose Rivera
|
0-0: Foul Ball, location: 2F 0-1: Fielders Choice at 2nd, 5-4 (Groundball, 56, EV 86.2 MPH)
|
| Bottom of the 6th over - 0 runs, 1 hit, 0 errors, 1 left on base; Colorado Springs 2 - Memphis 1 |
| TOP OF THE 7TH |
|
Colorado Springs Sky Sox batting - Pitching for Memphis Redbirds : RHP David Murphy
|
|
Batting: SHB Jamie Mims
|
0-0: Swinging Strike 0-1: Ball 1-1: Called Strike 1-2: Fly out, F7 (Flyball, 7LM, EV 91.2 MPH)
|
|
Batting: RHB John Stevenson
|
0-0: Ball 1-0: Swinging Strike 1-1: Ball 2-1: Ball 3-1: Foul Ball, location: 2F 3-2: Strikes out looking
|
|
Pitching: RHP Mike Tallerico
|
|
|
Batting: LHB Steve Gilliam
|
0-0: Ball 1-0: Fly out, F9 (Flyball, 9LM, EV 86.9 MPH)
|
| Top of the 7th over - 0 runs, 0 hits, 0 errors, 0 left on base; Colorado Springs 2 - Memphis 1 |
| BOTTOM OF THE 7TH |
|
Memphis Redbirds batting - Pitching for Colorado Springs Sky Sox : LHP Marc Eismann
|
|
Batting: RHB Roberto Duron
|
0-0: Ball 1-0: Fly out, F7 (Flyball, 78S, EV 80.0 MPH)
|
|
Batting: LHB Ronnie Ashley
|
0-0: Called Strike 0-1: Swinging Strike 0-2: Foul Ball, location: 2F 0-2: Ball 1-2: Strikes out swinging
|
|
Batting: RHB Josh Martin
|
0-0: SINGLE (Groundball, 56D, EV 107.5 MPH)
|
|
Pinch Hitting: RHB Joe Smack
|
0-0: Ball 1-0: Ball 2-0: Ball 3-0: Base on Balls Josh Martin to second
|
|
Pitching: RHP Vas Karamyshev
|
|
|
Batting: RHB Jeff Brower
|
0-0: Called Strike 0-1: SINGLE (Line Drive, 56, EV 94.4 MPH) Josh Martin to third Joe Smack to second Runner from 3rd tries for Home, SAFE, throw by LF to home
|
|
Batting: RHB Danny Gallo
|
0-0: Foul Ball, location: 2F 0-1: Ball 1-1: SINGLE (Groundball, 4MD, EV 100.0 MPH) Joe Smack to third Jeff Brower to second Runner from 3rd tries for Home, SAFE, throw by CF to home
|
|
Batting: LHB Colin Worthington
|
0-0: Foul Ball, location: 2F 0-1: Foul Ball, location: 2F 0-2: Foul Ball, location: 2F 0-2: Ball 1-2: Fly out, F9 (Flyball, 9LD, EV 99.4 MPH)
|
| Bottom of the 7th over - 2 runs, 3 hits, 0 errors, 2 left on base; Colorado Springs 2 - Memphis 3 |
| TOP OF THE 8TH |
|
Colorado Springs Sky Sox batting - Pitching for Memphis Redbirds : RHP Mike Tallerico
|
|
Now in CF: Joe Smack
|
|
|
Now in RF: Colin Worthington
|
|
|
Pinch Hitting: LHB Greg Valenzuela
|
0-0: Ball 1-0: Ball 2-0: Called Strike 2-1: Ball 3-1: Foul Ball, location: 2F 3-2: Foul Ball, location: 2F 3-2: Strikes out swinging
|
|
Batting: LHB Michael Krott
|
0-0: Called Strike 0-1: Swinging Strike 0-2: Strikes out swinging
|
|
Batting: RHB Mike McElroy
|
0-0: Ball 1-0: Fly out, F9 (Flyball, 89S, EV 95.6 MPH)
|
| Top of the 8th over - 0 runs, 0 hits, 0 errors, 0 left on base; Colorado Springs 2 - Memphis 3 |
| BOTTOM OF THE 8TH |
|
Memphis Redbirds batting - Pitching for Colorado Springs Sky Sox : RHP Vas Karamyshev
|
|
Now in RF: Greg Valenzuela
|
|
|
Batting: SHB Dan Lash
|
0-0: Ball 1-0: Called Strike 1-1: Called Strike 1-2: Foul Ball, location: 2F 1-2: Ground out U3 (Groundball, 13, EV 93.8 MPH)
|
|
Batting: RHB Jose Rivera
|
0-0: Called Strike 0-1: Ball 1-1: Called Strike 1-2: Ball 2-2: Strikes out looking
|
|
Batting: RHB Roberto Duron
|
0-0: Foul Ball, location: 2F 0-1: Ball 1-1: Swinging Strike 1-2: Ball 2-2: Ground out 6-3 (Groundball, 6, EV 78.8 MPH)
|
| Bottom of the 8th over - 0 runs, 0 hits, 0 errors, 0 left on base; Colorado Springs 2 - Memphis 3 |
| TOP OF THE 9TH |
|
Colorado Springs Sky Sox batting - Pitching for Memphis Redbirds : RHP Mike Tallerico
|
|
Pitching: RHP Mike Pemble
|
|
|
Batting: SHB Bobby Santor
|
0-0: Called Strike 0-1: Foul Ball, location: 2F 0-2: Ball 1-2: Foul Ball, location: 2F 1-2: Strikes out swinging
|
|
Pinch Hitting: LHB Luke Coulter
|
0-0: Called Strike 0-1: Ball 1-1: Ball 2-1: Swinging Strike 2-2: SINGLE (Groundball, 56S, EV 68.8 MPH) (infield hit)
|
|
Batting: RHB Eduardo Camacho
|
0-0: Called Strike 0-1: Ground out 5-3 (Groundball, 5, EV 88.8 MPH) Luke Coulter to second
|
|
Batting: SHB Jamie Mims
|
0-0: Foul Ball, location: 2F 0-1: SINGLE (Line Drive, 7LS, EV 107.5 MPH) Luke Coulter to third Throwing error, E7 Luke Coulter scores Jamie Mims to second
|
|
Batting: RHB John Stevenson
|
0-0: Ball 1-0: Ball 2-0: Ball 3-0: Foul Ball, location: 2F 3-1: Called Strike 3-2: Strikes out looking
|
| Top of the 9th over - 1 run, 2 hits, 1 error, 1 left on base; Colorado Springs 3 - Memphis 3 |
| BOTTOM OF THE 9TH |
|
Memphis Redbirds batting - Pitching for Colorado Springs Sky Sox : RHP Vas Karamyshev
|
|
Pitching: RHP Davon Ware
|
|
|
Now at 3B: Zach Sommer
|
|
|
Batting: LHB Ronnie Ashley
|
0-0: Ball 1-0: Ball 2-0: Ball 3-0: Called Strike 3-1: Base on Balls
|
|
Batting: RHB Josh Martin
|
0-0: Sac Bunt to 23 - play at first, batter OUT! 3-4 Ronnie Ashley to second
|
|
Batting: RHB Joe Smack
|
0-0: Called Strike 0-1: Ball 1-1: Ground out 5-3 (Groundball, 56S, EV 84.4 MPH)
|
|
Batting: RHB Jeff Brower
|
0-0: Foul Ball, location: 2F 0-1: Foul Ball, location: 2F 0-2: Ball 1-2: Ball 2-2: Foul Ball, location: 2F 2-2: Foul Ball, location: 2F 2-2: Ball 3-2: Ground out 5-3 (Groundball, 56S, EV 85.6 MPH)
|
| Bottom of the 9th over - 0 runs, 0 hits, 0 errors, 1 left on base; Colorado Springs 3 - Memphis 3 |
| TOP OF THE 10TH |
|
Colorado Springs Sky Sox batting - Pitching for Memphis Redbirds : RHP Mike Pemble
|
|
Batting: LHB Steve Gilliam
|
0-0: Foul Ball, location: 2F 0-1: Ground out 5-3 (Groundball, 56, EV 90.0 MPH)
|
|
Batting: LHB Greg Valenzuela
|
0-0: Called Strike 0-1: Ball 1-1: SINGLE (Groundball, 34D, EV 94.4 MPH)
|
|
Batting: LHB Michael Krott
|
0-0: Swinging Strike 0-1: Ball 1-1: Ball Greg Valenzuela is caught stealing 2nd base 2-6 2-1: Swinging Strike 2-2: Strikes out looking
|
| Top of the 10th over - 0 runs, 1 hit, 0 errors, 0 left on base; Colorado Springs 3 - Memphis 3 |
| BOTTOM OF THE 10TH |
|
Memphis Redbirds batting - Pitching for Colorado Springs Sky Sox : RHP Davon Ware
|
|
Pitching: RHP Jim Butler
|
|
|
Batting: RHB Danny Gallo
|
0-0: Ball 1-0: Ball 2-0: Ball 3-0: Called Strike 3-1: Foul Ball, location: 2F 3-2: Strikes out swinging
|
|
Batting: LHB Colin Worthington
|
0-0: Called Strike 0-1: Swinging Strike 0-2: SINGLE (Flyball, 5D, EV 87.5 MPH)
|
|
Batting: SHB Dan Lash
|
0-0: Foul Ball, location: 2F 0-1: Ball 1-1: Ball 2-1: Ball 3-1: Called Strike 3-2: Strikes out looking
|
|
Batting: RHB Jose Rivera
|
0-0: Ball Colin Worthington steals 2nd, throwing error, E2 Colin Worthington to third 1-0: Swinging Strike 1-1: Swinging Strike 1-2: Strikes out swinging
|
| Bottom of the 10th over - 0 runs, 1 hit, 1 error, 1 left on base; Colorado Springs 3 - Memphis 3 |
| TOP OF THE 11TH |
|
Colorado Springs Sky Sox batting - Pitching for Memphis Redbirds : RHP Mike Pemble
|
|
Pitching: RHP Josh Sabatino
|
|
|
Batting: RHB Mike McElroy
|
0-0: Ball 1-0: Called Strike 1-1: Ball 2-1: Foul Ball, location: 2F 2-2: Ball 3-2: Hit by Pitch
|
|
Batting: SHB Bobby Santor
|
0-0: Ball Mike McElroy steals 2nd base 1-0: Intentional Walk
|
|
Batting: RHB Zach Sommer
|
0-0: Ball 1-0: Ball 2-0: Foul Ball, location: 2F 2-1: Ball 3-1: Base on Balls Mike McElroy to third Bobby Santor to second
|
|
Batting: RHB Eduardo Camacho
|
0-0: Called Strike 0-1: Ball 1-1: Swinging Strike 1-2: Strikes out swinging
|
|
Batting: SHB Jamie Mims
|
0-0: Called Strike 0-1: Called Strike 0-2: SINGLE (Groundball, 4MD, EV 105.6 MPH) Mike McElroy scores Bobby Santor to third Zach Sommer to second Runner from 3rd tries for Home, SAFE, throw by CF to home
|
|
Batting: RHB John Stevenson
|
0-0: Foul Ball, location: 2F 0-1: Fielders Choice at 2nd, 6-4 (Groundball, 6, EV 90.6 MPH) Zach Sommer to third
|
|
Batting: LHB Steve Gilliam
|
0-0: Foul Ball, location: 2F 0-1: Ball 1-1: Ball 2-1: Foul Ball, location: 2F 2-2: Ball 3-2: Base on Balls John Stevenson to second
|
|
Batting: LHB Greg Valenzuela
|
0-0: Called Strike 0-1: Ball 1-1: Called Strike 1-2: Ground out 4-3 (Groundball, 4, EV 86.2 MPH)
|
| Top of the 11th over - 2 runs, 1 hit, 0 errors, 3 left on base; Colorado Springs 5 - Memphis 3 |
| BOTTOM OF THE 11TH |
|
Memphis Redbirds batting - Pitching for Colorado Springs Sky Sox : RHP Jim Butler
|
|
Batting: RHB Roberto Duron
|
0-0: Ball 1-0: Called Strike 1-1: Ball 2-1: Ground out U3 (Groundball, 3, EV 83.8 MPH)
|
|
Batting: LHB Ronnie Ashley
|
0-0: Foul Ball, location: 2F 0-1: Ball 1-1: SINGLE (Groundball, 4S, EV 69.4 MPH) (infield hit)
|
|
Batting: RHB Josh Martin
|
0-0: Called Strike 0-1: Swinging Strike 0-2: Foul Ball, location: 2F 0-2: Foul Ball, location: 2F 0-2: Ball 1-2: Foul Ball, location: 2F 1-2: Foul Ball, location: 2F 1-2: Ball 2-2: Strikes out swinging
|
|
Pitching: LHP Bill Ogren
|
|
|
Batting: RHB Joe Smack
|
0-0: Swinging Strike 0-1: Ball 1-1: Swinging Strike 1-2: Foul Ball, location: 2F 1-2: Ball 2-2: Strikes out swinging
|
| Bottom of the 11th over - 0 runs, 1 hit, 0 errors, 1 left on base; Colorado Springs 5 - Memphis 3 |
|